 Dungeon Crawl Stone Soup version 0.31-a0-187-gba352fbbf7 (webtiles) character file.

Game seed: 979797694827523170

177 qw the Skirmisher (level 5, -4/29 HPs)
             Began as a Deep Elf Hunter on June 22, 2023.
             Killed by nerve-wracking pain
             ... invoked by Grinder
              (8 damage)
             ... on level 4 of the Dungeon.
             The game lasted 00:00:53 (2349 turns).

qw the Skirmisher (Deep Elf Hunter)                 Turns: 2349, Time: 00:00:53

Health: -4/29      AC: 10    Str: 10    XL:     5   Next: 30%
Magic:  7/7        EV: 11    Int: 14    God:
Gold:   111        SH:  5    Dex: 18    Spells: 4/4 levels left

rFire   . . .        Y - +0 shortbow
rCold   . . .        (shield currently unavailable)
rNeg    . . .        e - +0 ring mail
rPois   .            j - +0 helmet
rElec   .            (no cloak)
rCorr   .            a - +3 Mad Mage's Maulers {Infuse+∞ VampMP -Cast}
SInv    .            (no boots)
Will    .....        g - amulet of reflection
Stlth   +            (no ring)
HPRegen 0.24/turn    (no ring)
MPRegen 0.10/turn

%: no spellcasting, reflection, infuse magic (7 MP)
@: about to teleport
A: no striking features
a: no special abilities


You were on level 4 of the Dungeon.
You visited 1 branch of the dungeon, and saw 4 of its levels.

You collected 111 gold pieces.


   Skills:
 - Level 1.5 Fighting
 + Level 8.8 Ranged Weapons
 - Level 2.4 Dodging
 - Level 1.2 Stealth


You had 4 spell levels left.
You didn't know any spells.
Your spell library was empty.

Inventory:

Hand Weapons
 Y - a +0 shortbow (weapon)
Armour
 a - the +3 Mad Mage's Maulers (worn) {Infuse+∞ VampMP -Cast}
   (You acquired it on level 1 of the Dungeon)

   Infuse+∞: It empowers its wearer's blows with all of their magic.
   VampMP:    Blows struck in melee replenish the wearer's magic.
   -Cast:     It prevents spellcasting.
 e - a +0 ring mail (worn)
 j - a +0 helmet (worn)
Jewellery
 f - a ring of fire
 g - an amulet of reflection (around neck)
Potions
 b - a potion of curing {unknown}
 d - a potion of cancellation
 h - a potion of attraction {unknown}
 i - a potion of degeneration {unknown}
 k - a potion of haste {unknown}

Dungeon Overview and Level Annotations

Branches:
Dungeon (4/15)
 Temple: D:4-7

Altars:

Shops:
D:1 ?*

Annotations:
D:4 Grinder


Message History

What level of the Dungeon? (default 1, ? - help)
You climb downwards.
Level annotation: Grinder
There is a stone staircase leading up here.
A ball python comes into view.
The ball python hisses angrily.
You shoot an arrow.
The arrow closely misses the ball python.
You block the ball python's attack. The ball python grabs you.
The ball python constricts you.
The ball python bites you but does no damage.
The ball python constricts you.
You shoot an arrow.
The arrow barely misses the ball python.
The ball python bites you but does no damage.
The ball python constricts you.
You shoot an arrow. The arrow hits the ball python.
You kill the ball python!
You shoot an arrow. The arrow barely misses Grinder.
You shoot an arrow. The arrow closely misses Grinder.
Grinder hits you.
You writhe in agony.
You shoot an arrow.
The arrow hits Grinder but does no damage.
Grinder is moderately wounded.
Grinder gestures at you. Pain shoots through your body!
You shoot an arrow. The arrow closely misses Grinder.
Grinder hits you.
You writhe in agony.
2347 ||| READING scroll of teleportation.
As you read the scroll of teleportation, it crumbles to dust.
You feel strangely unstable. You block Grinder's attack.
You shoot an arrow. The arrow hits Grinder!
Grinder is heavily wounded.
Grinder hits you but does no damage.
You shoot an arrow. The arrow hits Grinder!
Grinder is severely wounded.
Grinder gestures at you. Pain shoots through your body!
You die...

### #.# ... .#
#.# # .# #.# #.
#.###.# #.
##.....# .##
#.##.####@#
.^..#.......5.#
##.........####
.........#<.#
##+#####.#..#
.........#..#
.........#..#
.....5..##..#
........##..#


You could see Grinder.

Vanquished Creatures
  A hound (D:3)
  An orc wizard (D:3)
  6 adders
  A worm (D:3)
  3 dart slugs
  4 orcs (D:3)
  4 ball pythons
  4 bats
  8 endoplasms
  A giant cockroach (D:1)
  9 hobgoblins
  3 quokkas
  3 frilled lizards
  5 kobolds
  4 rats
57 creatures vanquished.

Notes
Turn   | Place    | Note
-------+----------+-------------------------------------------
     0 | D:1      | qw the Deep Elf Hunter began the quest for the Orb.
     0 | D:1      | Reached XP level 1. HP: 12/12 MP: 3/3
     0 | D:1      | 0 ||| qw: Version: 0.3-a-9-g12657ce
     0 | D:1      | 0 ||| qw: Game counter: 2486
     0 | D:1      | 0 ||| qw: Always use a shield: true
     0 | D:1      | 0 ||| qw: God list: Okawaru
     0 | D:1      | 0 ||| qw: Allow faded altars: false
     0 | D:1      | 0 ||| qw: Do Orc after D:15 true
     0 | D:1      | 0 ||| qw: Do second Lair branch before Depths: true
     0 | D:1      | 0 ||| qw: Lair rune preference: random
     0 | D:1      | 0 ||| qw: Plans: Normal
     0 | D:1      | 0 ||| PLANNING D:1-11
   106 | D:1      | Found Litsenil's Assorted Antiques.
   120 | D:1      | Reached XP level 2. HP: 16/16 MP: 4/4
   121 | D:1      | 121 ||| SHOPLISTING 2 yellow potions (43 gold, have 0).
   121 | D:1      | 121 ||| SHOPLISTING fuming inky potion (21 gold, have 0).
   121 | D:1      | 121 ||| SHOPLISTING glittering tin ring (120 gold, have 0).
   121 | D:1      | 121 ||| SHOPLISTING scroll labelled DAOXKU HAAZXE (24 gold,
                  | have 0).
   121 | D:1      | 121 ||| SHOPLISTING scroll labelled GEZOMU OHYTALOMIO (24
                  | gold, have 0).
   121 | D:1      | 121 ||| SHOPLISTING silvery potion (21 gold, have 0).
   144 | D:1      | Reached skill level 6 in Ranged Weapons
   166 | D:1      | Found Laesiycw's Magic Scroll Shoppe.
   177 | D:1      | 177 ||| SHOPLISTING 3 scrolls of identify (78 gold, have
                  | 7).
   177 | D:1      | 177 ||| SHOPLISTING scroll of enchant weapon (97 gold, have
                  | 7).
   177 | D:1      | 177 ||| SHOPLISTING scroll of identify (26 gold, have 7).
   177 | D:1      | 177 ||| SHOPLISTING scroll of teleportation (39 gold, have
                  | 7).
   543 | D:1      | 543 ||| UPGRADING to +0 ring mail.
   553 | D:1      | 553 ||| DROPPING +0 leather armour.
   554 | D:1      | 554 ||| UPGRADING to amulet of reflection.
   559 | D:1      | 559 ||| READING scroll labelled HAJUTU UVITIQE.
   559 | D:1      | Identified a scroll of acquirement
   559 | D:1      | 559 ||| ACQUIRING +3 Mad Mage's Maulers {Infuse+∞ VampMP
                  | -Cast}
   559 | D:1      | Acquired the +3 Mad Mage's Maulers {Infuse+∞ VampMP -Cast}
   559 | D:1      | Found the +3 Mad Mage's Maulers {Infuse+∞ VampMP -Cast}
   561 | D:1      | 561 ||| UPGRADING to +3 Mad Mage's Maulers {Infuse+∞ VampMP
                  | -Cast}.
   566 | D:1      | 566 ||| READING scroll labelled TICIENG XAICUSK.
   567 | D:1      | 567 ||| DROPPING scroll of butterflies.
   673 | D:2      | Reached XP level 3. HP: 20/20 MP: 5/5
   977 | D:2      | Reached skill level 7 in Ranged Weapons
  1212 | D:2      | 1212 ||| READING 2 scrolls labelled OLAIFF BOUDY.
  1215 | D:2      | 1215 ||| READING scroll labelled TOZARESATE.
  1216 | D:2      | 1216 ||| READING scroll labelled VYEXONN QYEN.
  1336 | D:3      | Reached XP level 4. HP: 23/25 MP: 6/6
  1368 | D:3      | Identified the +3 dagger of Eternal Harmony {flame, Int+2}
  1386 | D:3      | Found a faded altar of an unknown god.
  1487 | D:3      | Reached skill level 8 in Ranged Weapons
  1704 | D:3      | Reached XP level 5. HP: 29/29 MP: 7/7
  2214 | D:3      | 2214 ||| UPGRADING to +0 helmet.
  2219 | D:3      | 2219 ||| DRINKING 2 fizzy green potions.
  2287 | D:4      | Noticed Grinder
  2294 | D:4      | Paralysed by Grinder for 5 turns
  2301 | D:4      | Paralysed by Grinder for 2 turns
  2305 | D:4      | 2305 ||| FLEEEEING.
  2306 | D:4      | 2306 ||| FLEEEEING.
  2307 | D:4      | 2307 ||| FLEEEEING.
  2308 | D:4      | 2308 ||| FLEEEEING.
  2309 | D:4      | 2309 ||| STAIRDANCE
  2346 | D:4      | HP: 3/29 [Grinder (5)]
  2347 | D:4      | 2347 ||| READING scroll of teleportation.
  2349 | D:4      | Killed from afar by Grinder

Levels and vault maps discovered:
D:1:      dpeg_arrival_another_circle, layout_basic, serial_shops, shop,
          nicolae_shop_stone, serial_park_tiny_2
D:2:      layout_basic, minmay_misc_feat_cross
D:3:      layout_basic, dreamdust_ecumenical_altar_grove, dk_noncrumbling_4,
          hangedman_decor_clover_reticule, chequers_decorated_corner,
          minmay_increasing_density
D:4:      layout_basic, nicolae_qazlal_scattered_showers, kennysheep_donut,
          uniq_grinder

Skill      XL: |  1  2  3  4 |
---------------+-------------+-----
Ranged Weapons | 6 7 8 |  8.8
Fighting       | |  1.5
Dodging        | |  2.4
Stealth        | |  1.2

Action                     |  1- 3 |  4- 6 || total
---------------------------+-------+-------++-------
   Fire: Shortbow          |    93 |    99 ||   192
    Use: Scroll            |     5 |     1 ||     6
         Potion            |       |     1 ||     1
 Armour: Leather armour    |     1 |       ||     1
         Ring mail         |    12 |    18 ||    30
  Dodge: Dodged            |    24 |     8 ||    32
  Block: Other             |     3 |     6 ||     9

Table legend:
 A = Non-vault XP
 B = Vault XP
 C = Vault XP percentage of total XP
 D = Non-vault monster count
 E = Vault monster count
 F = Vault count percentage of total count
                 A         B        C        D         E       F
            +---------+---------+-------+---------+---------+-------
      Total |     220 |      33 |  13.0 |      50 |       7 |  12.3
            +---------+---------+-------+---------+---------+-------
        D:1 |      34 |       0 |   0.0 |      18 |       0 |   0.0
        D:2 |      31 |       0 |   0.0 |      13 |       0 |   0.0
        D:3 |     153 |      33 |  17.7 |      18 |       7 |  28.0
        D:4 |       2 |       0 |   0.0 |       1 |       0 |   0.0
            +---------+---------+-------+---------+---------+-------
